 Dungeon Crawl Stone Soup version 0.18-a0-1347-gb9e2fb4 (webtiles) character file.

24 Arkorax the Ducker (level 2, 0/24 HPs)
             Began as a Minotaur Wizard on Feb 17, 2016.
             Slain by a kobold
             ... wielding a +0 dagger
              (4 damage)
             ... on level 1 of the Dungeon.
             The game lasted 00:01:06 (1190 turns).

Arkorax the Ducker (Minotaur Wizard)                Turns: 1190, Time: 00:01:06

Health: 0/24       AC:  2    Str: 11    XL:     2   Next: 79%
Magic:  4/4        EV: 12    Int: 15    God:
Gold:   21         SH:  0    Dex:  8    Spells: 1 memorised, 4 levels left

rFire  . . .     SeeInvis .     f - +0 club
rCold  . . .     Gourm    .     a - +0 robe
rNeg   . . .     Faith    .     (no shield)
rPois  .         Spirit   .     b - +0 hat
rElec  .         Dismiss  .     (no cloak)
rCorr  .         Reflect  .     (no gloves)
SustAt .         Harm     .     (no boots)
MR     .....                    (no amulet)
Stlth  +.........               (no ring)
                                (no ring)

@: not resistant to hostile enchantments, very unstealthy
A: retaliatory headbutt, horns 2
a: no special abilities


You were on level 1 of the Dungeon.
You were not hungry.

You visited 1 branch of the dungeon, and saw 1 of its levels.

You collected 21 gold pieces.

Inventory:

Hand Weapons
 f - a +0 club (weapon)
 j - a +0 dagger of venom
Armour
 a - a +0 robe (worn)
 b - a +0 hat (worn)
Scrolls
 h - a scroll of identify {unknown}
Potions
 e - a potion of haste {unknown}
 i - a potion of curing {unknown}
Books
 c - a book of Minor Magic

   Spells                             Type                      Level
   a - Magic Dart                     Conjuration                  1
   b - Blink                          Translocation                2
   c - Call Imp                       Summoning                    2
   d - Repel Missiles                 Charms/Air                   2
   e - Slow                           Hexes                        2
   f - Conjure Flame                  Conjuration/Fire             3
   g - Mephitic Cloud                 Conjuration/Poison/Air       3
Comestibles
 d - a bread ration
 g - 3 meat rations
 k - a chunk of flesh


   Skills:
 * Level 2.0 Fighting
 * Level 1.4 Maces & Flails
 + Level 2.5 Dodging
 - Level 1.5 Stealth
 - Level 2.1 Spellcasting
 - Level 0.6 Conjurations
   Level 0.6 Summonings
   Level 0.6 Translocations


You had 4 spell levels left.
You knew the following spells:

 Your Spells              Type           Power        Failure   Level  Hunger
a - Magic Dart            Conj           #...         17%         1    #......


Dungeon Overview and Level Annotations

Branches:
Dungeon (1/15)

Altars:


Innate Abilities, Weirdness & Mutations

You reflexively headbutt those who attack you in melee.
You have a pair of horns on your head.


Message History

The kobold shouts!
You headbutt the hobgoblin.
You kill the hobgoblin!
The goblin hits you with a club.
You miss the goblin. Your headbutt misses the goblin.
The goblin hits you but does no damage.
You closely miss the goblin. The goblin hits you with a club.
You closely miss the goblin. Your headbutt misses the goblin.
The goblin barely misses you. The goblin hits you with a club.
* * * LOW HITPOINT WARNING * * *
You are too injured to fight recklessly!
You are too injured to fight recklessly!
You are too injured to fight recklessly!
You closely miss the kobold. The kobold hits you but does no damage.
The kobold hits you with a dagger.
* * * LOW HITPOINT WARNING * * *
You hit the kobold.
The kobold is moderately wounded.
The kobold hits you with a dagger.
You die...

#....# ####.#
############'#
#.............
#.............
#.............
#.............
#######.............
#..@Kg..............
#.#####)............
# ...............
.................
..##........%.... .
.##.......>... #.
.##....#### . .
.....


You could see a goblin and a kobold.

Vanquished Creatures
  A giant gecko (D:1)
  A giant cockroach (D:1)
  5 goblins (D:1)
  3 hobgoblins (D:1)
  2 jackals (D:1)
  A bat (D:1)
  A giant newt (D:1)
  3 kobolds (D:1)
  6 rats (D:1)
23 creatures vanquished.

Notes
Turn   | Place    | Note
--------------------------------------------------------------
     0 | D:1      | Arkorax the Minotaur Wizard began the quest for the Orb.
     0 | D:1      | Reached XP level 1. HP: 14/14 MP: 2/2
   117 | D:1      | Reached skill level 1 in Fighting
   325 | D:1      | Reached skill level 1 in Maces & Flails
   325 | D:1      | Reached XP level 2. HP: 10/23 MP: 4/4
  1190 | D:1      | Slain by a kobold

Vault maps used:
D:1:      minmay_arrival_wavy_path, hangedman_decor_peaks_small

Action                   || total
-------------------------++-------
Melee: Club              ||    76
       Unarmed           ||     3
 Cast: Magic Dart        ||     2
 Stab: Sleeping          ||     1
  Eat: Chunk             ||     1
